Phantoms vs Sound Tigers
Created - June 9, 2022 at 19:01
Goals
|
| Phantoms |
1 |
2 |
0 |
3 |
| Sound Tigers |
3 |
2 |
3 |
8 |
|
Shots
|
| Phantoms |
11 |
14 |
15 |
40 |
| Sound Tigers |
8 |
10 |
11 |
29 |
|
1st period
1. Sound Tigers , Ryan Hartman 48 (James Livingstone 20, Alex Tuch 37) at 4:33
2. Sound Tigers , Garret Ross 19 (Connor Murphy 60, Alex Tuch 38) at 11:59 (SH)
3. Phantoms , Jake Dotchin 5 (Travis Konecny 61, Michael Bournival 40) at 12:13 (PP)
4. Sound Tigers , Ryan Hartman 49 (James Livingstone 21, Slater Koekkoek 27) at 18:35
Penalties :
Michael Bournival (Leh) for Hooking (Minor) at 6:45, James Livingstone (BRI) for Hooking (Minor) at 11:22, Ben Thomson (BRI) for High sticking (Minor) at 13:31
2nd period
5. Sound Tigers , Ryan Hartman 50 (James Livingstone 22) at 0:10
6. Phantoms , Travis Konecny 58 (Calle Jarnkrok 69, Michael Bournival 41) at 3:27
7. Phantoms , Sven Andrighetto 21 (Alex DeBrincat 35, Brenden Kichton 12) at 6:29
8. Sound Tigers , Borna Rendulic 29 (Garret Ross 28, Connor Murphy 61) at 12:47
Penalties :
Alexander Yelesin (BRI) for Slashing (Minor) at 8:02
3rd period
9. Sound Tigers , James Sheppard 35 (Gabriel Carlsson 11) at 14:04
10. Sound Tigers , Borna Rendulic 30 (Garret Ross 29, Ryan Bourque 27) at 14:39
11. Sound Tigers , Julian Melchiori 7 (Ryan Hartman 48) at 15:56
Penalties :
Ryan Hartman (BRI) for Tripping (Minor) at 4:27, Blake Heinrich (Leh) for Boarding (Minor) at 4:31, Calle Jarnkrok (Leh) for Charging (Minor) at 5:09, Ben Thomson (BRI) for Tripping (Minor) at 9:22, James Sheppard (BRI) for Holding (Minor) at 11:36, Blake Heinrich (Leh) for Tripping (Minor) at 19:34
Goalie Stats
Anton Forsberg (Leh), 5 saves from 9 shots - (0.556), L, 31-19-2, 20:10 minutes
Zachary Fucale (Leh), 16 saves from 20 shots - (0.800), 39:50 minutes
Pavel Francouz (BRI), 37 saves from 40 shots - (0.925), W, 31-27-4, 60:00 minutes
Players Stats for Phantoms
Player Name G A P +/- PIM S H SB GA TA FO MP PP MP PK MP
------------------------------------------------------------------------------------
A.J. Greer 0 0 0 0 0 0 0 0 0 0 0/0 1:07 0:00 1:06
Alex DeBrincat 0 1 1 -1 0 4 5 0 0 0 0/0 16:21 4:00 0:00
Anthony Angello 0 0 0 0 0 0 0 0 0 0 1/1 1:32 0:00 1:32
Blake Heinrich 0 0 0 -1 4 2 0 0 0 1 0/0 18:28 3:39 1:01
Brendan Leipsic 0 0 0 -1 0 2 0 1 0 0 0/0 7:45 0:00 0:00
Brenden Kichton 0 1 1 0 0 0 2 1 0 1 0/0 9:51 0:00 0:57
Calle Jarnkrok 0 1 1 -3 2 5 0 1 0 2 16/32 22:06 4:33 1:23
Cristoval Nieves 0 0 0 -1 0 2 1 0 0 0 1/2 10:57 0:00 0:35
David Kampf 0 0 0 0 0 0 0 0 0 0 0/0 0:32 0:25 0:00
Devon Teows 0 0 0 0 0 0 0 0 0 0 0/0 5:13 0:00 0:00
Erik Nystrom 0 0 0 -1 0 2 4 0 0 0 0/0 10:22 0:00 0:00
Ivan Provorov 0 0 0 -1 0 1 1 1 0 0 0/0 19:23 3:40 1:54
Jake Dotchin 1 0 1 -5 0 1 3 1 1 0 0/0 26:30 5:11 2:29
JC Lipon 0 0 0 -1 0 1 0 1 0 0 0/0 8:04 0:12 0:00
Laurent Dauphin 0 0 0 0 0 0 0 0 0 0 0/0 0:26 0:19 0:00
Lucas Wallmarkk 0 0 0 -1 0 2 0 0 2 0 2/3 7:45 0:00 0:00
Michael Bournival 0 2 2 -3 2 2 1 2 3 2 5/7 22:37 4:32 1:55
Mikko Lehtonen 0 0 0 0 0 0 0 0 0 0 0/0 5:13 0:00 0:00
Nick Shore 0 0 0 -1 0 5 1 0 0 0 8/12 16:21 4:00 0:00
Nick Sorensen 0 0 0 -1 0 2 1 1 0 0 0/0 10:22 0:00 0:00
Reid McNeill 0 0 0 -5 0 1 1 1 0 2 0/0 26:30 5:11 2:29
Rinat Valiev 0 0 0 0 0 0 0 0 0 0 0/0 8:54 0:00 0:00
Sven Andrighetto 1 0 1 -1 0 3 1 1 1 0 0/1 16:46 4:00 0:25
Travis Konecny 1 1 2 -3 0 5 0 0 1 1 1/1 20:29 4:32 0:25
Players Stats for Sound Tigers
Player Name G A P +/- PIM S H SB GA TA FO MP PP MP PK MP
------------------------------------------------------------------------------------
Alex Tuch 0 2 2 4 0 3 2 0 0 2 1/1 24:19 1:22 5:06
Alexander Yelesin 0 0 0 0 2 0 0 2 0 0 0/0 11:24 0:00 0:02
Ben Thomson 0 0 0 0 4 1 3 0 1 1 0/0 15:12 0:00 0:18
Borna Rendulic 2 0 2 2 0 2 2 0 0 0 0/1 11:57 0:23 1:40
Christian Fischer 0 0 0 -1 0 0 0 2 0 0 0/0 14:09 1:21 0:00
Connor Murphy 0 2 2 3 0 3 0 0 3 0 0/0 28:46 1:38 5:27
Gabriel Carlsson 0 1 1 3 0 1 0 0 0 1 0/0 19:55 1:28 3:22
Garret Ross 1 2 3 3 0 3 2 0 1 0 0/0 12:56 0:00 2:56
James Livingstone 0 3 3 3 2 1 0 0 2 0 1/3 16:57 1:22 0:00
James Sheppard 1 0 1 1 2 3 2 1 0 0 0/1 16:54 1:21 2:03
Joe Labate 0 0 0 -1 0 0 1 0 0 0 4/7 14:44 1:21 0:35
Julian Melchiori 1 0 1 3 0 2 1 0 1 2 0/0 28:46 1:38 5:27
Pavel Kraskovsky 0 0 0 0 0 0 0 0 0 0 1/2 7:15 0:00 0:00
Rhett Gardner 0 0 0 0 0 2 0 0 0 0 3/6 5:41 0:23 0:00
Ross Colton 0 0 0 0 0 0 0 0 0 0 1/1 7:15 0:00 0:00
Ryan Bourque 0 1 1 2 0 1 0 0 1 1 1/4 9:45 0:00 0:00
Ryan Hartman 3 1 4 4 2 6 4 2 0 0 13/32 22:54 1:45 5:04
Scott Glennie 0 0 0 0 0 0 0 0 0 0 0/1 0:21 0:00 0:00
Slater Koekkoek 0 1 1 3 0 1 0 1 0 1 0/0 19:58 1:28 3:24
3 Stars
1 - Ryan Hartman (BRI)
2 - Garret Ross (BRI)
3 - Borna Rendulic (BRI)
Power Play
Phantoms - 1 on 6 Attempt(s) - 16.67%
Sound Tigers - 0 on 4 Attempt(s) - 0.00%
Penalty Kill
Phantoms - 4 on 4 Attempt(s) - 100.00%
- Score 0 goal in Penalty Kill
Sound Tigers - 5 on 6 Attempt(s) - 83.33%
- Score 1 goal in Penalty Kill
Team Stat
Phantoms - Hits : 21 - Faceoff Wins : 34 - Blocked Shots : 11 - Penalty Minutes : 8
Sound Tigers - Hits : 17 - Faceoff Wins : 25 - Blocked Shots : 8 - Penalty Minutes : 12
Official
Referees : Michael Markovic and Chris Rooney
Linesman : James Tobias and Brandon Gawryletz
Game Notes
Ryan Hartman has scored a Hat Trick!
Zachary Fucale enters game at 0:10 of 2nd period
Finance
Level 1 -- Attendance: 1983 (99.15%) -- Ticket Income $69,405
Level 2 -- Attendance: 921 (92.10%) -- Ticket Income $13,815
Total Attendance: 2904 (96.80%)
Total Ticket Income: $83,220
Other Income: $4,161
Total Income: $87,381
Phantoms
5 vs 5 Forward
Center Left Wing Right Wing Time % Phy DF OF
1 Calle Jarnkrok Michael Bournival Travis Konecny 40 1 2 2
2 Nick Shore Alex DeBrincat Sven Andrighetto 30 1 2 2
3 Cristoval Nieves Erik Nystrom Nick Sorensen 20 1 2 2
4 Lucas Wallmarkk Brendan Leipsic JC Lipon 10 1 2 2
5 vs 5 Defense
Defense Defense Time % Phy DF OF
1 Jake Dotchin Reid McNeill 40 1 2 2
2 Ivan Provorov Blake Heinrich 30 1 2 2
3 Rinat Valiev Brenden Kichton 20 1 2 2
4 Devon Teows Mikko Lehtonen 10 1 2 2
PowerPlay Forward
Center Left Wing Right Wing Time % Phy DF OF
1 Calle Jarnkrok Michael Bournival Travis Konecny 60 1 2 2
2 Nick Shore Alex DeBrincat Sven Andrighetto 40 1 2 2
PowerPlay Defense
Defense Defense Time % Phy DF OF
1 Jake Dotchin Reid McNeill 60 1 2 2
2 Ivan Provorov Blake Heinrich 40 1 2 2
Penalty Kill 4 Players Forward
Center Wing Time % Phy DF OF
1 Michael Bournival Calle Jarnkrok 60 1 2 2
2 Travis Konecny Sven Andrighetto 40 1 2 2
Penalty Kill 4 Players Defense
Defense Defense Time % Phy DF OF
1 Jake Dotchin Reid McNeill 60 1 2 2
2 Ivan Provorov Blake Heinrich 40 1 2 2
Penalty Kill - 3 Players Forward
Forward Time % Phy DF OF
1 Michael Bournival 60 1 2 2
2 Calle Jarnkrok 40 1 2 2
Penalty Kill - 3 Players Defense
Defense Defense Time % Phy DF OF
1 Jake Dotchin Reid McNeill 60 1 2 2
2 Ivan Provorov Blake Heinrich 40 1 2 2
4 vs 4 Forward
Center Wing Time % Phy DF OF
1 Michael Bournival Calle Jarnkrok 60 1 2 2
2 Travis Konecny Sven Andrighetto 40 1 2 2
4 vs 4 Defense
Defense Defense Time % Phy DF OF
1 Jake Dotchin Reid McNeill 60 1 2 2
2 Ivan Provorov Blake Heinrich 40 1 2 2
Last Minutes Offensive
Center Left Wing Right Wing Defense Defense
Calle Jarnkrok Michael Bournival Travis Konecny Jake Dotchin Reid McNeill
Last Minutes Defensive
Center Left Wing Right Wing Defense Defense
Calle Jarnkrok Michael Bournival Travis Konecny Jake Dotchin Reid McNeill
Goaltenders
Starting : Anton Forsberg
Backup : Zachary Fucale
Extra Forwards
Normal : David Kampf, Laurent Dauphin, Anthony Angello - PP : David Kampf, Laurent Dauphin - PK : Anthony Angello
Extra Defensemen
Normal : Rinat Valiev, Brenden Kichton, Devon Teows - PP : Rinat Valiev - PK : Brenden Kichton, Devon Teows
Penalty Shots
Michael Bournival, Calle Jarnkrok, Travis Konecny, Sven Andrighetto, Alex DeBrincat
Scratches
Cooper Marody (Healthy), Mark Alt (Sprained Right Knee Injury), Morgan Klimchuk (Groin Injury), Brett Murray (Healthy), Matt Kiersted (Healthy)
Riley Stillman (Healthy), Jason Kasdorf (Healthy)
Sound Tigers
5 vs 5 Forward
Center Left Wing Right Wing Time % Phy DF OF
1 Ryan Hartman Alex Tuch James Livingstone 40 1 2 2
2 Joe Labate James Sheppard Christian Fischer 30 1 2 2
3 Ryan Bourque Garret Ross Borna Rendulic 20 1 2 2
4 Pavel Kraskovsky Ben Thomson Ross Colton 10 1 2 2
5 vs 5 Defense
Defense Defense Time % Phy DF OF
1 Connor Murphy Julian Melchiori 40 1 2 2
2 Gabriel Carlsson Slater Koekkoek 30 1 2 2
3 Alexander Yelesin Ben Thomson 20 1 2 2
4 Connor Murphy Julian Melchiori 10 1 2 2
PowerPlay Forward
Center Left Wing Right Wing Time % Phy DF OF
1 Ryan Hartman Alex Tuch James Livingstone 60 1 2 2
2 Joe Labate James Sheppard Christian Fischer 40 1 2 2
PowerPlay Defense
Defense Defense Time % Phy DF OF
1 Connor Murphy Julian Melchiori 60 1 2 2
2 Gabriel Carlsson Slater Koekkoek 40 1 2 2
Penalty Kill 4 Players Forward
Center Wing Time % Phy DF OF
1 Ryan Hartman Alex Tuch 60 1 2 2
2 James Sheppard Garret Ross 40 1 2 2
Penalty Kill 4 Players Defense
Defense Defense Time % Phy DF OF
1 Connor Murphy Julian Melchiori 60 1 2 2
2 Gabriel Carlsson Slater Koekkoek 40 1 2 2
Penalty Kill - 3 Players Forward
Forward Time % Phy DF OF
1 Ryan Hartman 60 1 2 2
2 Alex Tuch 40 1 2 2
Penalty Kill - 3 Players Defense
Defense Defense Time % Phy DF OF
1 Connor Murphy Julian Melchiori 60 1 2 2
2 Gabriel Carlsson Slater Koekkoek 40 1 2 2
4 vs 4 Forward
Center Wing Time % Phy DF OF
1 Ryan Hartman Alex Tuch 60 1 2 2
2 James Sheppard Garret Ross 40 1 2 2
4 vs 4 Defense
Defense Defense Time % Phy DF OF
1 Connor Murphy Julian Melchiori 60 1 2 2
2 Gabriel Carlsson Slater Koekkoek 40 1 2 2
Last Minutes Offensive
Center Left Wing Right Wing Defense Defense
Ryan Hartman Alex Tuch James Livingstone Connor Murphy Julian Melchiori
Last Minutes Defensive
Center Left Wing Right Wing Defense Defense
Ryan Hartman Alex Tuch James Livingstone Connor Murphy Julian Melchiori
Goaltenders
Starting : Pavel Francouz
Backup : Sean Maguire
Extra Forwards
Normal : Rhett Gardner, Scott Glennie, Borna Rendulic - PP : Rhett Gardner, Scott Glennie - PK : Borna Rendulic
Extra Defensemen
Normal : Alexander Yelesin, Gabriel Carlsson, Slater Koekkoek - PP : Alexander Yelesin - PK : Gabriel Carlsson, Slater Koekkoek
Penalty Shots
Ryan Hartman, Alex Tuch, James Sheppard, Garret Ross, James Livingstone
Scratches
Ben Johnson (Healthy), Blake Speers (Healthy), Brad Ross (Healthy), David Broll (Healthy), Dylan McIlrath (Right Ankle Injury)
Josh Archibald (Healthy), Tyrell Goulbourne (Healthy), Garret Pilon (Healthy), Brandon Gignac (Healthy), Casey Staum (Healthy)
Chris Driedger (Healthy)
% Time on Ice - Phantoms
Lines # - Real PCT - Wanted PCT - Time Play
Normal Forward
1 - 34% - 40% - 15:40
2 - 27% - 30% - 12:21
3 - 22% - 20% - 10:22
4 - 17% - 10% - 7:45
Normal Defense
1 - 39% - 40% - 18:12
2 - 30% - 30% - 13:49
3 - 19% - 20% - 8:54
4 - 11% - 10% - 5:13
PP Forward
1 - 55% - 60% - 4:51
2 - 45% - 40% - 4:00
PP Defense
1 - 59% - 60% - 5:11
2 - 41% - 40% - 3:40
PK Forward
1 - 84% - 60% - 2:33
2 - 16% - 40% - 0:29
PK Defense
1 - 53% - 60% - 1:36
2 - 47% - 40% - 1:26
PK3 Forward
1 - 88% - 60% - 1:11
2 - 12% - 40% - 0:10
PK3 Defense
1 - 65% - 60% - 0:53
2 - 35% - 40% - 0:28
44 Forward
1 - 100% - 60% - 0:38
2 - 0% - 40% - 0:00
44 Defense
1 - 100% - 60% - 0:38
2 - 0% - 40% - 0:00
Last Minute Offensive - 0:00
Last Minute Defensive - 0:00
Total
Forward - 60:00
Defense - 60:00
|
% Time on Ice - Sound Tigers
Lines # - Real PCT - Wanted PCT - Time Play
Normal Forward
1 - 35% - 40% - 16:06
2 - 28% - 30% - 13:02
3 - 21% - 20% - 9:45
4 - 16% - 10% - 7:15
Normal Defense
1 - 39% - 40% - 18:01
2 - 32% - 30% - 14:41
3 - 24% - 20% - 11:16
4 - 5% - 10% - 2:10
PP Forward
1 - 56% - 60% - 1:45
2 - 44% - 40% - 1:21
PP Defense
1 - 53% - 60% - 1:38
2 - 47% - 40% - 1:28
PK Forward
1 - 69% - 60% - 6:09
2 - 31% - 40% - 2:42
PK Defense
1 - 62% - 60% - 5:29
2 - 38% - 40% - 3:22
PK3 Forward
1 - 0% - 60%
2 - 0% - 40%
PK3 Defense
1 - 0% - 60%
2 - 0% - 40%
44 Forward
1 - 100% - 60% - 1:55
2 - 0% - 40% - 0:00
44 Defense
1 - 79% - 60% - 1:31
2 - 21% - 40% - 0:24
Last Minute Offensive - 0:00
Last Minute Defensive - 0:00
Total
Forward - 60:00
Defense - 60:00
|
Play-by-Play
1st period
0:01 of 1st period - Ryan Hartman wins face-off versus Calle Jarnkrok in neutral zone.
0:28 of 1st period - Slapshot by James Sheppard.
0:28 of 1st period - Shot Misses the Net.
0:48 of 1st period - Gabriel Carlsson is hit by Reid McNeill and loses puck.
1:05 of 1st period - JC Lipon is hit by Ben Thomson and loses puck.
1:27 of 1st period - Snap shot by Alex Tuch.
1:27 of 1st period - Stopped by Anton Forsberg with a rebound.
1:29 of 1st period - Wrist shot by Joe Labate.
1:29 of 1st period - Shot Misses the Net.
2:11 of 1st period - Wrist shot by Lucas Wallmarkk.
2:11 of 1st period - Shot Misses the Net.
2:48 of 1st period - Connor Murphy is hit by Brenden Kichton and loses puck.
3:30 of 1st period - Icing by Gabriel Carlsson.
3:31 of 1st period - Travis Konecny wins face-off versus Ryan Bourque in Sound Tigers zone.
3:57 of 1st period - Off-side.
3:58 of 1st period - Nick Shore wins face-off versus Ryan Hartman in neutral zone.
4:02 of 1st period - Off-side.
4:03 of 1st period - Calle Jarnkrok wins face-off versus Ryan Hartman in neutral zone.
4:27 of 1st period - Wrist shot by James Livingstone.
4:27 of 1st period - Stopped by Anton Forsberg with a rebound.
4:29 of 1st period - Wrist shot by James Livingstone.
4:29 of 1st period - Shot Misses the Net.
4:31 of 1st period - Wrist shot by James Livingstone.
4:31 of 1st period - Shot Misses the Net.
4:33 of 1st period - Slapshot by Ryan Hartman.
4:33 of 1st period - Goal by Ryan Hartman - Phantoms : 0 - Sound Tigers : 1.
4:34 of 1st period - Nick Shore wins face-off versus Joe Labate in neutral zone.
5:28 of 1st period - Snap shot by Ryan Bourque.
5:28 of 1st period - Shot Misses the Net.
6:02 of 1st period - Slapshot by Ryan Hartman.
6:02 of 1st period - Shot Misses the Net.
6:14 of 1st period - Snap shot by Erik Nystrom.
6:14 of 1st period - Stopped by Pavel Francouz without a rebound.
6:15 of 1st period - Ryan Bourque wins face-off versus Cristoval Nieves in Sound Tigers zone.
6:42 of 1st period - Snap shot by Alex Tuch.
6:42 of 1st period - Deflect By Ryan Hartman.
6:42 of 1st period - Shot Blocked by Michael Bournival.
6:42 of 1st period - Puck is out of play.
6:43 of 1st period - Calle Jarnkrok wins face-off versus Ryan Hartman in Phantoms zone.
6:45 of 1st period - Minor Penalty to Michael Bournival for Hooking.
6:46 of 1st period - Anthony Angello wins face-off versus James Livingstone in Phantoms zone.
6:58 of 1st period - Snap shot by Alex Tuch.
6:58 of 1st period - Stopped by Anton Forsberg with a rebound.
7:00 of 1st period - Slapshot by Connor Murphy.
7:00 of 1st period - Shot Misses the Net.
7:02 of 1st period - Wrist shot by Julian Melchiori.
7:02 of 1st period - Shot Blocked by Reid McNeill.
7:44 of 1st period - Ivan Provorov is hit by Alex Tuch and loses puck.
8:45 of 1st period - Penalty to Michael Bournival is over, Michael Bournival is back on ice.
8:54 of 1st period - Wrist shot by Nick Shore.
8:54 of 1st period - Deflect By Gabriel Carlsson.
8:54 of 1st period - Shot Blocked by James Sheppard.
8:54 of 1st period - Puck is out of play.
8:55 of 1st period - Nick Shore wins face-off versus Pavel Kraskovsky in Sound Tigers zone.
8:56 of 1st period - Slapshot by Sven Andrighetto.
8:56 of 1st period - Stopped by Pavel Francouz with a rebound.
9:26 of 1st period - Slapshot by Calle Jarnkrok.
9:26 of 1st period - Stopped by Pavel Francouz with a rebound.
10:09 of 1st period - Wrist shot by Brendan Leipsic.
10:09 of 1st period - Stopped by Pavel Francouz with a rebound.
10:11 of 1st period - Slapshot by Reid McNeill.
10:11 of 1st period - Shot Blocked by Ryan Hartman.
10:13 of 1st period - Wrist shot by Lucas Wallmarkk.
10:13 of 1st period - Stopped by Pavel Francouz without a rebound.
10:14 of 1st period - Calle Jarnkrok wins face-off versus Ryan Hartman in Sound Tigers zone.
10:34 of 1st period - Icing by Michael Bournival.
10:35 of 1st period - Joe Labate wins face-off versus Calle Jarnkrok in Phantoms zone.
10:42 of 1st period - Slapshot by Connor Murphy.
10:42 of 1st period - Shot Blocked by Calle Jarnkrok.
11:04 of 1st period - Off-side.
11:05 of 1st period - Nick Shore wins face-off versus Ryan Hartman in neutral zone.
11:22 of 1st period - Minor Penalty to James Livingstone for Hooking.
11:23 of 1st period - Alex Tuch wins face-off versus Calle Jarnkrok in Sound Tigers zone.
11:33 of 1st period - Snap shot by Alex Tuch.
11:33 of 1st period - Shot Misses the Net.
11:39 of 1st period - Wrist shot by Connor Murphy.
11:39 of 1st period - Stopped by Anton Forsberg with a rebound.
11:57 of 1st period - Snap shot by Garret Ross.
11:57 of 1st period - Shot Misses the Net.
11:59 of 1st period - Slapshot by Connor Murphy.
11:59 of 1st period - Deflect By Garret Ross.
11:59 of 1st period - Goal by Garret Ross - Phantoms : 0 - Sound Tigers : 2.
12:00 of 1st period - Calle Jarnkrok wins face-off versus Ryan Hartman in neutral zone.
12:11 of 1st period - Snap shot by Travis Konecny.
12:11 of 1st period - Shot Misses the Net.
12:13 of 1st period - Slapshot by Jake Dotchin.
12:13 of 1st period - Goal by Jake Dotchin - Phantoms : 1 - Sound Tigers : 2.
12:14 of 1st period - Calle Jarnkrok wins face-off versus Ryan Hartman in neutral zone.
13:31 of 1st period - Minor Penalty to Ben Thomson for High sticking.
13:32 of 1st period - Ryan Hartman wins face-off versus Calle Jarnkrok in Sound Tigers zone.
14:00 of 1st period - Wrist shot by Sven Andrighetto.
14:00 of 1st period - Shot Misses the Net.
14:02 of 1st period - Slapshot by Sven Andrighetto.
14:02 of 1st period - Stopped by Pavel Francouz with a rebound.
14:04 of 1st period - Slapshot by Blake Heinrich.
14:04 of 1st period - Stopped by Pavel Francouz without a rebound.
14:05 of 1st period - Nick Shore wins face-off versus James Sheppard in Sound Tigers zone.
15:31 of 1st period - Penalty to Ben Thomson is over, Ben Thomson is back on ice.
17:02 of 1st period - Icing by Brenden Kichton.
17:03 of 1st period - Lucas Wallmarkk wins face-off versus Ryan Hartman in Phantoms zone.
17:03 of 1st period - Lucas Wallmarkk is hit by Ryan Hartman.
17:13 of 1st period - Snap shot by Calle Jarnkrok.
17:13 of 1st period - Deflect By Connor Murphy.
17:13 of 1st period - Stopped by Pavel Francouz with a rebound.
17:33 of 1st period - Wrist shot by James Sheppard.
17:33 of 1st period - Shot Blocked by Sven Andrighetto.
17:53 of 1st period - Snap shot by Brendan Leipsic.
17:53 of 1st period - Stopped by Pavel Francouz with a rebound.
17:55 of 1st period - Wrist shot by JC Lipon.
17:55 of 1st period - Shot Misses the Net.
17:57 of 1st period - Slapshot by Reid McNeill.
17:57 of 1st period - Deflect By Lucas Wallmarkk.
17:57 of 1st period - Stopped by Pavel Francouz with a rebound.
18:29 of 1st period - Snap shot by Erik Nystrom.
18:29 of 1st period - Shot Blocked by Ryan Hartman.
18:35 of 1st period - Snap shot by Ryan Hartman.
18:35 of 1st period - Goal by Ryan Hartman - Phantoms : 1 - Sound Tigers : 3.
18:36 of 1st period - Calle Jarnkrok wins face-off versus Ryan Hartman in neutral zone.
19:03 of 1st period - Blake Heinrich is hit by Joe Labate and loses puck.
19:08 of 1st period - Wrist shot by James Sheppard.
19:08 of 1st period - Stopped by Anton Forsberg with a rebound.
19:28 of 1st period - Cristoval Nieves is hit by Ben Thomson and loses puck.
19:54 of 1st period - Slapshot by Joe Labate.
19:54 of 1st period - Shot Blocked by Brenden Kichton.
Goals for this period are 1 for Phantoms vs 3 for Sound Tigers.
Shots for this period are 11 for Phantoms vs 8 for Sound Tigers.
2nd period
0:01 of 2nd period - James Livingstone wins face-off versus Calle Jarnkrok in neutral zone.
0:08 of 2nd period - Snap shot by James Livingstone.
0:08 of 2nd period - Shot Misses the Net.
0:10 of 2nd period - Snap shot by Ryan Hartman.
0:10 of 2nd period - Goal by Ryan Hartman - Phantoms : 1 - Sound Tigers : 4.
0:10 of 2nd period - Zachary Fucale enters game.
0:11 of 2nd period - Ryan Hartman wins face-off versus Calle Jarnkrok in neutral zone.
0:14 of 2nd period - Slapshot by Julian Melchiori.
0:14 of 2nd period - Deflect By Ryan Hartman.
0:14 of 2nd period - Stopped by Zachary Fucale without a rebound.
0:15 of 2nd period - Ryan Hartman wins face-off versus Calle Jarnkrok in Phantoms zone.
0:46 of 2nd period - Snap shot by Alex DeBrincat.
0:46 of 2nd period - Shot Blocked by Christian Fischer.
0:50 of 2nd period - Wrist shot by Alex DeBrincat.
0:50 of 2nd period - Shot Misses the Net.
1:48 of 2nd period - Snap shot by Alex DeBrincat.
1:48 of 2nd period - Shot Misses the Net.
1:56 of 2nd period - Wrist shot by Ben Thomson.
1:56 of 2nd period - Stopped by Zachary Fucale without a rebound.
1:57 of 2nd period - Ryan Hartman wins face-off versus Lucas Wallmarkk in Phantoms zone.
1:58 of 2nd period - Slapshot by Connor Murphy.
1:58 of 2nd period - Shot Misses the Net.
2:48 of 2nd period - Connor Murphy is hit by Alex DeBrincat and loses puck.
3:13 of 2nd period - Snap shot by Ryan Hartman.
3:13 of 2nd period - Stopped by Zachary Fucale without a rebound.
3:14 of 2nd period - Calle Jarnkrok wins face-off versus Ryan Hartman in Phantoms zone.
3:27 of 2nd period - Wrist shot by Calle Jarnkrok.
3:27 of 2nd period - Deflect By Travis Konecny.
3:27 of 2nd period - Goal by Travis Konecny - Phantoms : 2 - Sound Tigers : 4.
3:28 of 2nd period - Ryan Hartman wins face-off versus Calle Jarnkrok in neutral zone.
3:53 of 2nd period - Joe Labate is hit by Alex DeBrincat and loses puck.
4:14 of 2nd period - Gabriel Carlsson is hit by Nick Sorensen.
5:25 of 2nd period - Snap shot by Lucas Wallmarkk.
5:25 of 2nd period - Deflect By JC Lipon.
5:25 of 2nd period - Stopped by Pavel Francouz with a rebound.
5:51 of 2nd period - Slapshot by Cristoval Nieves.
5:51 of 2nd period - Stopped by Pavel Francouz with a rebound.
6:29 of 2nd period - Wrist shot by Sven Andrighetto.
6:29 of 2nd period - Goal by Sven Andrighetto - Phantoms : 3 - Sound Tigers : 4.
6:30 of 2nd period - Ryan Hartman wins face-off versus Calle Jarnkrok in neutral zone.
6:44 of 2nd period - Wrist shot by Travis Konecny.
6:44 of 2nd period - Shot Misses the Net.
6:56 of 2nd period - Christian Fischer is hit by Jake Dotchin and loses puck.
7:03 of 2nd period - Snap shot by Alex DeBrincat.
7:03 of 2nd period - Stopped by Pavel Francouz with a rebound.
7:05 of 2nd period - Snap shot by Nick Shore.
7:05 of 2nd period - Stopped by Pavel Francouz with a rebound.
7:21 of 2nd period - Ryan Bourque is hit by Erik Nystrom and loses puck.
7:40 of 2nd period - Lucas Wallmarkk is hit by Ryan Hartman and loses puck.
7:47 of 2nd period - Wrist shot by Alex Tuch.
7:47 of 2nd period - Shot Misses the Net.
8:02 of 2nd period - Minor Penalty to Alexander Yelesin for Slashing.
8:03 of 2nd period - Ryan Hartman wins face-off versus Calle Jarnkrok in Sound Tigers zone.
8:17 of 2nd period - Slapshot by Alex Tuch.
8:17 of 2nd period - Shot Misses the Net.
9:19 of 2nd period - Wrist shot by Nick Shore.
9:19 of 2nd period - Stopped by Pavel Francouz without a rebound.
9:20 of 2nd period - Calle Jarnkrok wins face-off versus Ryan Hartman in Sound Tigers zone.
9:23 of 2nd period - Wrist shot by Travis Konecny.
9:23 of 2nd period - Stopped by Pavel Francouz with a rebound.
9:25 of 2nd period - Wrist shot by Calle Jarnkrok.
9:25 of 2nd period - Shot Misses the Net.
9:27 of 2nd period - Slapshot by Blake Heinrich.
9:27 of 2nd period - Shot Hit the Post.
9:29 of 2nd period - Wrist shot by Michael Bournival.
9:29 of 2nd period - Shot Misses the Net.
10:02 of 2nd period - Penalty to Alexander Yelesin is over, Alexander Yelesin is back on ice.
10:13 of 2nd period - Ben Thomson is hit by Cristoval Nieves and loses puck.
11:01 of 2nd period - Backhand shot by Garret Ross.
11:01 of 2nd period - Stopped by Zachary Fucale with a rebound.
11:03 of 2nd period - Snap shot by Ryan Bourque.
11:03 of 2nd period - Shot Blocked by JC Lipon.
11:38 of 2nd period - Snap shot by Calle Jarnkrok.
11:38 of 2nd period - Stopped by Pavel Francouz with a rebound.
11:58 of 2nd period - Wrist shot by Nick Shore.
11:58 of 2nd period - Stopped by Pavel Francouz without a rebound.
11:59 of 2nd period - Calle Jarnkrok wins face-off versus Ryan Bourque in Sound Tigers zone.
12:12 of 2nd period - Slapshot by Ivan Provorov.
12:12 of 2nd period - Deflect By Michael Bournival.
12:12 of 2nd period - Shot Misses the Net.
12:12 of 2nd period - Puck is out of play.
12:13 of 2nd period - Calle Jarnkrok wins face-off versus Ryan Hartman in Sound Tigers zone.
12:38 of 2nd period - Reid McNeill is hit by Garret Ross and loses puck.
12:45 of 2nd period - Slapshot by Borna Rendulic.
12:45 of 2nd period - Shot Misses the Net.
12:47 of 2nd period - Snap shot by Borna Rendulic.
12:47 of 2nd period - Goal by Borna Rendulic - Phantoms : 3 - Sound Tigers : 5.
12:48 of 2nd period - Nick Shore wins face-off versus Ryan Hartman in neutral zone.
13:40 of 2nd period - Snap shot by Ryan Bourque.
13:40 of 2nd period - Stopped by Zachary Fucale without a rebound.
13:41 of 2nd period - Lucas Wallmarkk wins face-off versus Ryan Bourque in Phantoms zone.
13:41 of 2nd period - Lucas Wallmarkk is hit by Garret Ross.
13:57 of 2nd period - Wrist shot by Ryan Bourque.
13:57 of 2nd period - Shot Blocked by Ivan Provorov.
13:59 of 2nd period - Wrist shot by Garret Ross.
13:59 of 2nd period - Stopped by Zachary Fucale without a rebound.
14:00 of 2nd period - Calle Jarnkrok wins face-off versus Ryan Hartman in Phantoms zone.
14:00 of 2nd period - Calle Jarnkrok is hit by Ryan Hartman.
14:16 of 2nd period - Wrist shot by Calle Jarnkrok.
14:16 of 2nd period - Stopped by Pavel Francouz with a rebound.
15:20 of 2nd period - Wrist shot by Ryan Hartman.
15:20 of 2nd period - Stopped by Zachary Fucale without a rebound.
15:21 of 2nd period - Joe Labate wins face-off versus Nick Shore in Phantoms zone.
15:42 of 2nd period - Jake Dotchin is hit by James Sheppard and loses puck.
17:17 of 2nd period - Ben Thomson is hit by Erik Nystrom and loses puck.
17:50 of 2nd period - Slapshot by Pavel Kraskovsky.
17:50 of 2nd period - Shot Misses the Net.
17:52 of 2nd period - Slapshot by Connor Murphy.
17:52 of 2nd period - Stopped by Zachary Fucale with a rebound.
17:54 of 2nd period - Slapshot by Ross Colton.
17:54 of 2nd period - Shot Misses the Net.
17:56 of 2nd period - Snap shot by Ross Colton.
17:56 of 2nd period - Shot Blocked by Nick Sorensen.
18:06 of 2nd period - Snap shot by Erik Nystrom.
18:06 of 2nd period - Shot Misses the Net.
18:12 of 2nd period - Alex Tuch is hit by Alex DeBrincat and loses puck.
19:11 of 2nd period - Julian Melchiori is hit by Sven Andrighetto.
19:17 of 2nd period - Wrist shot by Alex DeBrincat.
19:17 of 2nd period - Stopped by Pavel Francouz without a rebound.
19:18 of 2nd period - Nick Shore wins face-off versus Ryan Hartman in Sound Tigers zone.
19:23 of 2nd period - Slapshot by Nick Shore.
19:23 of 2nd period - Stopped by Pavel Francouz with a rebound.
19:29 of 2nd period - Snap shot by Nick Shore.
19:29 of 2nd period - Deflect By Alex DeBrincat.
19:29 of 2nd period - Stopped by Pavel Francouz with a rebound.
19:31 of 2nd period - Snap shot by Sven Andrighetto.
19:31 of 2nd period - Shot Blocked by Alexander Yelesin.
19:53 of 2nd period - Slapshot by Nick Shore.
19:53 of 2nd period - Shot Misses the Net.
19:55 of 2nd period - Snap shot by Nick Shore.
19:55 of 2nd period - Shot Blocked by Alexander Yelesin.
19:59 of 2nd period - Snap shot by Alex DeBrincat.
19:59 of 2nd period - Shot Blocked by Christian Fischer.
Goals for this period are 2 for Phantoms vs 2 for Sound Tigers.
Shots for this period are 14 for Phantoms vs 10 for Sound Tigers.
3rd period
0:01 of 3rd period - Ryan Hartman wins face-off versus Calle Jarnkrok in neutral zone.
0:06 of 3rd period - Snap shot by Travis Konecny.
0:06 of 3rd period - Stopped by Pavel Francouz with a rebound.
0:08 of 3rd period - Backhand shot by Reid McNeill.
0:08 of 3rd period - Deflect By Travis Konecny.
0:08 of 3rd period - Shot Misses the Net.
0:08 of 3rd period - Puck is out of play.
0:09 of 3rd period - Calle Jarnkrok wins face-off versus Ryan Hartman in Sound Tigers zone.
0:36 of 3rd period - Slapshot by Connor Murphy.
0:36 of 3rd period - Shot Blocked by Jake Dotchin.
1:07 of 3rd period - Wrist shot by Travis Konecny.
1:07 of 3rd period - Shot Misses the Net.
1:09 of 3rd period - Snap shot by Calle Jarnkrok.
1:09 of 3rd period - Deflect By Michael Bournival.
1:09 of 3rd period - Stopped by Pavel Francouz with a rebound.
1:11 of 3rd period - Snap shot by Calle Jarnkrok.
1:11 of 3rd period - Deflect By Travis Konecny.
1:11 of 3rd period - Stopped by Pavel Francouz without a rebound.
1:12 of 3rd period - Joe Labate wins face-off versus Nick Shore in Sound Tigers zone.
1:19 of 3rd period - Joe Labate is hit by Alex DeBrincat and loses puck.
1:24 of 3rd period - Slapshot by Nick Shore.
1:24 of 3rd period - Stopped by Pavel Francouz without a rebound.
1:25 of 3rd period - Joe Labate wins face-off versus Sven Andrighetto in Sound Tigers zone.
1:36 of 3rd period - Snap shot by James Sheppard.
1:36 of 3rd period - Stopped by Zachary Fucale with a rebound.
1:50 of 3rd period - Ryan Bourque is hit by Erik Nystrom and loses puck.
2:09 of 3rd period - Lucas Wallmarkk is hit by Ben Thomson and loses puck.
2:42 of 3rd period - Connor Murphy is hit by Nick Shore and loses puck.
4:22 of 3rd period - Slapshot by Alex DeBrincat.
4:22 of 3rd period - Stopped by Pavel Francouz without a rebound.
4:23 of 3rd period - Nick Shore wins face-off versus James Livingstone in Sound Tigers zone.
4:27 of 3rd period - Minor Penalty to Ryan Hartman for Tripping.
4:28 of 3rd period - Calle Jarnkrok wins face-off versus Borna Rendulic in Sound Tigers zone.
4:31 of 3rd period - Minor Penalty to Blake Heinrich for Boarding.
4:32 of 3rd period - Rhett Gardner wins face-off versus Michael Bournival in Phantoms zone.
4:32 of 3rd period - Wrist shot by Connor Murphy.
4:32 of 3rd period - Stopped by Zachary Fucale without a rebound.
4:33 of 3rd period - Michael Bournival wins face-off versus Rhett Gardner in Phantoms zone.
4:48 of 3rd period - Snap shot by Julian Melchiori.
4:48 of 3rd period - Stopped by Zachary Fucale without a rebound.
4:49 of 3rd period - Rhett Gardner wins face-off versus Calle Jarnkrok in Phantoms zone.
5:09 of 3rd period - Minor Penalty to Calle Jarnkrok for Charging.
5:10 of 3rd period - Rhett Gardner wins face-off versus Michael Bournival in Phantoms zone.
5:13 of 3rd period - Snap shot by Rhett Gardner.
5:13 of 3rd period - Deflect By Alex Tuch.
5:13 of 3rd period - Stopped by Zachary Fucale without a rebound.
5:14 of 3rd period - Michael Bournival wins face-off versus Rhett Gardner in Phantoms zone.
5:29 of 3rd period - Snap shot by Rhett Gardner.
5:29 of 3rd period - Stopped by Zachary Fucale without a rebound.
5:30 of 3rd period - Michael Bournival wins face-off versus Rhett Gardner in Phantoms zone.
5:41 of 3rd period - Michael Bournival is hit by Alex Tuch and loses puck.
6:00 of 3rd period - Slapshot by Rhett Gardner.
6:00 of 3rd period - Shot Misses the Net.
6:02 of 3rd period - Slapshot by Julian Melchiori.
6:02 of 3rd period - Deflect By Rhett Gardner.
6:02 of 3rd period - Stopped by Zachary Fucale without a rebound.
6:03 of 3rd period - Michael Bournival wins face-off versus Scott Glennie in Phantoms zone.
6:27 of 3rd period - Penalty to Ryan Hartman is over, Ryan Hartman is back on ice.
6:31 of 3rd period - Penalty to Blake Heinrich is over, Blake Heinrich is back on ice.
6:41 of 3rd period - Slapshot by Slater Koekkoek.
6:41 of 3rd period - Stopped by Zachary Fucale with a rebound.
7:01 of 3rd period - Wrist shot by James Sheppard.
7:01 of 3rd period - Shot Misses the Net.
7:03 of 3rd period - Slapshot by Gabriel Carlsson.
7:03 of 3rd period - Shot Misses the Net.
7:05 of 3rd period - Snap shot by Gabriel Carlsson.
7:05 of 3rd period - Stopped by Zachary Fucale with a rebound.
7:09 of 3rd period - Penalty to Calle Jarnkrok is over, Calle Jarnkrok is back on ice.
7:15 of 3rd period - Snap shot by Nick Shore.
7:15 of 3rd period - Shot Misses the Net.
7:17 of 3rd period - Snap shot by Reid McNeill.
7:17 of 3rd period - Stopped by Pavel Francouz without a rebound.
7:18 of 3rd period - Pavel Kraskovsky wins face-off versus Nick Shore in Sound Tigers zone.
8:00 of 3rd period - Icing by Blake Heinrich.
8:01 of 3rd period - Ryan Hartman wins face-off versus Nick Shore in Phantoms zone.
8:30 of 3rd period - Slapshot by Travis Konecny.
8:30 of 3rd period - Shot Misses the Net.
9:08 of 3rd period - Snap shot by Ryan Hartman.
9:08 of 3rd period - Shot Blocked by Brendan Leipsic.
9:22 of 3rd period - Minor Penalty to Ben Thomson for Tripping.
9:23 of 3rd period - Ryan Hartman wins face-off versus Calle Jarnkrok in Sound Tigers zone.
10:38 of 3rd period - Reid McNeill is hit by Borna Rendulic and loses puck.
11:22 of 3rd period - Penalty to Ben Thomson is over, Ben Thomson is back on ice.
11:36 of 3rd period - Minor Penalty to James Sheppard for Holding.
11:37 of 3rd period - Calle Jarnkrok wins face-off versus Ryan Hartman in Sound Tigers zone.
13:27 of 3rd period - JC Lipon is hit by Ryan Hartman.
13:36 of 3rd period - Penalty to James Sheppard is over, James Sheppard is back on ice.
13:38 of 3rd period - Slater Koekkoek is hit by Ivan Provorov and loses puck.
13:49 of 3rd period - Ryan Hartman is hit by Erik Nystrom and loses puck.
13:58 of 3rd period - James Sheppard is hit by Brenden Kichton.
14:04 of 3rd period - Wrist shot by James Sheppard.
14:04 of 3rd period - Goal by James Sheppard - Phantoms : 3 - Sound Tigers : 6.
14:05 of 3rd period - Calle Jarnkrok wins face-off versus Joe Labate in neutral zone.
14:30 of 3rd period - Reid McNeill is hit by Julian Melchiori and loses puck.
14:39 of 3rd period - Wrist shot by Borna Rendulic.
14:39 of 3rd period - Goal by Borna Rendulic - Phantoms : 3 - Sound Tigers : 7.
14:40 of 3rd period - Calle Jarnkrok wins face-off versus Ryan Hartman in neutral zone.
14:53 of 3rd period - Snap shot by Travis Konecny.
14:53 of 3rd period - Deflect By Michael Bournival.
14:53 of 3rd period - Stopped by Pavel Francouz with a rebound.
14:55 of 3rd period - Wrist shot by Michael Bournival.
14:55 of 3rd period - Shot Misses the Net.
15:11 of 3rd period - Wrist shot by Erik Nystrom.
15:11 of 3rd period - Stopped by Pavel Francouz without a rebound.
15:12 of 3rd period - Cristoval Nieves wins face-off versus Joe Labate in Sound Tigers zone.
15:15 of 3rd period - Wrist shot by Erik Nystrom.
15:15 of 3rd period - Shot Misses the Net.
15:17 of 3rd period - Snap shot by Ivan Provorov.
15:17 of 3rd period - Stopped by Pavel Francouz with a rebound.
15:19 of 3rd period - Slapshot by Ivan Provorov.
15:19 of 3rd period - Shot Misses the Net.
15:21 of 3rd period - Slapshot by Ivan Provorov.
15:21 of 3rd period - Shot Misses the Net.
15:23 of 3rd period - Slapshot by Blake Heinrich.
15:23 of 3rd period - Stopped by Pavel Francouz with a rebound.
15:25 of 3rd period - Wrist shot by Nick Sorensen.
15:25 of 3rd period - Shot Misses the Net.
15:27 of 3rd period - Snap shot by Nick Sorensen.
15:27 of 3rd period - Stopped by Pavel Francouz with a rebound.
15:29 of 3rd period - Slapshot by Erik Nystrom.
15:29 of 3rd period - Shot Blocked by Slater Koekkoek.
15:31 of 3rd period - Slapshot by Erik Nystrom.
15:31 of 3rd period - Shot Misses the Net.
15:33 of 3rd period - Snap shot by Nick Sorensen.
15:33 of 3rd period - Stopped by Pavel Francouz with a rebound.
15:47 of 3rd period - Snap shot by Cristoval Nieves.
15:47 of 3rd period - Stopped by Pavel Francouz without a rebound.
15:48 of 3rd period - Ryan Hartman wins face-off versus Calle Jarnkrok in Sound Tigers zone.
15:48 of 3rd period - Ryan Hartman is hit by Michael Bournival.
15:54 of 3rd period - Slapshot by Julian Melchiori.
15:54 of 3rd period - Shot Blocked by Michael Bournival.
15:56 of 3rd period - Slapshot by Julian Melchiori.
15:56 of 3rd period - Goal by Julian Melchiori - Phantoms : 3 - Sound Tigers : 8.
15:57 of 3rd period - Ryan Hartman wins face-off versus Calle Jarnkrok in neutral zone.
16:00 of 3rd period - Slapshot by Connor Murphy.
16:00 of 3rd period - Shot Misses the Net.
16:22 of 3rd period - Christian Fischer is hit by Alex DeBrincat and loses puck.
17:08 of 3rd period - Icing by Calle Jarnkrok.
17:09 of 3rd period - Ross Colton wins face-off versus Calle Jarnkrok in Phantoms zone.
17:34 of 3rd period - Devon Teows is hit by James Sheppard and loses puck.
17:51 of 3rd period - Slapshot by Travis Konecny.
17:51 of 3rd period - Stopped by Pavel Francouz with a rebound.
18:27 of 3rd period - Reid McNeill is hit by Borna Rendulic and loses puck.
18:36 of 3rd period - Borna Rendulic is hit by Jake Dotchin and loses puck.
19:07 of 3rd period - Joe Labate is hit by Jake Dotchin and loses puck.
19:34 of 3rd period - Minor Penalty to Blake Heinrich for Tripping.
19:35 of 3rd period - Michael Bournival wins face-off versus Ryan Hartman in Phantoms zone.
19:48 of 3rd period - Slapshot by Calle Jarnkrok.
19:48 of 3rd period - Stopped by Pavel Francouz with a rebound.
Goals for this period are 0 for Phantoms vs 3 for Sound Tigers.
Shots for this period are 15 for Phantoms vs 11 for Sound Tigers.